 Dungeon Crawl Stone Soup version 0.29-a0-284-gf9362112df (webtiles) character file.

Game seed: 4430244118902018543

1950 tognito the Cleaver (level 8, 0/71 HPs)
             Began as a Minotaur Berserker on Mar 14, 2022.
             Was a Priest of Trog.
             Slain by a gnoll sergeant
             ... wielding a +0 spear
              (6 damage)
             ... on level 6 of the Dungeon.
             The game lasted 00:12:01 (5864 turns).

tognito the Cleaver (Minotaur Berserker)            Turns: 5864, Time: 00:12:02

Health: 0/71       AC: 14    Str: 24    XL:     8   Next: 99%
Magic:  7/7        EV: 10    Int:  4    God:    Trog [***...]
Gold:   316        SH:  0    Dex: 10    Spells: 7/7 levels left

rFire   . . .      SeeInvis .   a - +0 war axe
rCold   . . .      Faith    .   (no shield)
rNeg    . . .      Spirit   .   w - +0 chain mail
rPois   .          Reflect  .   (helmet restricted)
rElec   .          Harm     .   m - +0 cloak
rCorr   .          Rampage  .   k - +0 pair of gloves
Will    .....                   v - +0 pair of boots
Stlth   ..........              (no amulet)
HPRegen 0.00/turn               (no ring)
MPRegen 0.10/turn               (no ring)

@: on berserk cooldown, inhibited regen, slowed, very slow
A: horns 2, retaliatory headbutt, claws 1, inhibited regeneration
a: Renounce Religion, Berserk, Trog's Hand


You were on level 6 of the Dungeon.
You worshipped Trog.
Trog was most pleased with you.
You visited 1 branch of the dungeon, and saw 6 of its levels.

You collected 316 gold pieces.

Inventory:

Hand Weapons
 a - a +0 war axe (weapon)
Missiles
 n - 2 boomerangs
 q - 18 poisoned darts (quivered)
 A - a throwing net
Armour
 k - a +0 pair of gloves (worn)
 m - a +0 cloak (worn)
 v - a +0 pair of boots (worn)
 w - a +0 chain mail (worn)
Jewellery
 b - a ring of protection from fire
 u - a ring of positive energy
Wands
 h - a wand of flame (21)
 p - a wand of iceblast (8)
 y - a wand of mindburst (17)
Scrolls
 c - 3 scrolls of enchant weapon {unknown}
 d - 4 scrolls of blinking
 f - 2 scrolls of teleportation {unknown}
 g - 3 scrolls of immolation {unknown}
 i - 2 scrolls of amnesia {unknown}
 j - 2 scrolls of identify {unknown}
 l - 2 scrolls of enchant armour {unknown}
 o - 3 scrolls of vulnerability {unknown}
 s - a scroll of fog {unknown}
 z - a scroll of fear {unknown}
Potions
 e - a potion of magic {unknown}
 r - 2 potions of might
 t - a potion of heal wounds
 x - a potion of flight
 B - a potion of attraction {unknown}


   Skills:
 + Level 6.6 Fighting
 * Level 9.0 Axes
 + Level 4.5 Throwing
 + Level 6.2 Armour
 + Level 5.5 Dodging


You had 7 spell levels left.
You didn't know any spells.
Your spell library was empty.

Dungeon Overview and Level Annotations

Branches:
Dungeon (6/15)             Temple (0/1) D:4

Altars:
Ashenzari
Fedhas
Gozag
Hepliaklqana
Kikubaaqudgha
Makhleb
Okawaru
Wu Jian
Zin


Innate Abilities, Weirdness & Mutations

You have a pair of horns on your head.
You reflexively headbutt those who attack you in melee.
You have sharp fingernails.
You do not regenerate when monsters are visible.


Message History

The gnoll sergeant hits you but does no damage.
You completely miss the gnoll sergeant.
The gnoll sergeant is heavily wounded.
The gnoll hits you from afar with a +0 spear.
The gnoll sergeant hits you but does no damage.
A gnoll comes into view. It is wielding a +0 flail.
The gnoll hits you but does no damage. x2
The gnoll sergeant hits you with a +0 spear.
Blink to where?
Press: ? - help, Dir - move target
As you read the scroll of blinking, it crumbles to dust.
A gnoll sergeant is nearby!
The gnoll sergeant hits you from afar with a +0 spear!
* * * LOW HITPOINT WARNING * * *
You hear the brisk rusting of a drain very nearby.
The gnoll sergeant hits you from afar with a +0 spear.
* * * LOW HITPOINT WARNING * * *
The gnoll sergeant hits you but does no damage.
The gnoll closely misses you.
A gnoll comes into view. It is wielding a +0 flail.
The gnoll sergeant closely misses you.
You're still recovering from your berserk rage.
You hit the gnoll but do no damage. Your headbutt misses the gnoll.
You hit the gnoll but do no damage. You hit the gnoll sergeant.
The gnoll hits you with a +0 spear.
* * * LOW HITPOINT WARNING * * *
The gnoll sergeant hits you but does no damage.
The gnoll hits you with a +0 flail.
* * * LOW HITPOINT WARNING * * *
The gnoll closely misses you. The gnoll barely misses you.
The gnoll hits you from afar with a +0 spear.
* * * LOW HITPOINT WARNING * * *
The gnoll sergeant closely misses you.
You barely miss the gnoll. You headbutt the gnoll.
The gnoll is moderately wounded.
You closely miss the gnoll. You hit the gnoll sergeant.
The gnoll barely misses you. The gnoll hits you but does no damage.
The gnoll barely misses you.
The gnoll sergeant hits you with a +0 spear.
You die...

.#..[...# #...##...#.#
.#......#####...######..
.........................
.#.................####..#
##......####.####..# #.#
#......##.....##.## ..
#......#.......#.#
#......#.......#.#
#.........._..g@g#
#####..#.......#g#
#..#.......#g# .
#..##.....##g# ..
#..####.####.# ...
##.......)...##.##
#########.......#
##......# ##$$$###.#


You could see a gnoll sergeant and 4 gnolls.

Vanquished Creatures
  Sigmund (D:4)
  2 black bears
  2 ogres (D:4)
  A phantom (D:5)
  A bullfrog (D:5)
  2 necrophages (D:5)
  5 scorpions
  4 wights (D:6)
  2 howler monkeys
  A gnoll shaman (D:4)
  2 hounds
  An orc priest (D:5)
  Crazy Yiuf (D:2)
  3 orc wizards (D:5)
  2 iguanas
  Robin (D:3)
  8 gnolls
  10 adders
  A shadow imp (D:6)
  A white imp (D:6)
  3 ufetubi
  2 worms
  2 dart slugs
  13 orcs
  10 ball pythons
  8 bats
  6 endoplasms
  3 giant cockroaches
  23 goblins
  8 hobgoblins
  8 jackals
  7 kobolds
  2 quokkas
  A frilled lizard (D:1)
  8 rats
155 creatures vanquished.

Notes
Turn   | Place    | Note
-------+----------+-------------------------------------------
     0 | D:1      | tognito the Minotaur Berserker began the quest for the Orb.
     0 | D:1      | Reached XP level 1. HP: 19/19 MP: 0/0
   127 | D:1      | Reached XP level 2. HP: 22/27 MP: 1/1
   408 | D:1      | Reached skill level 4 in Axes
   782 | D:2      | Reached skill level 1 in Throwing
   782 | D:2      | Reached XP level 3. HP: 26/33 MP: 2/2
   952 | D:2      | Reached ** piety under Trog
  1043 | D:2      | Reached XP level 4. HP: 16/40 MP: 3/3
  1677 | D:2      | Found a runed translucent door.
  1678 | D:2      | Noticed Crazy Yiuf
  1688 | D:2      | Killed Crazy Yiuf
  2146 | D:3      | Gained mutation: You do not regenerate when monsters are
                  | visible. [potion of mutation]
  2146 | D:3      | Gained mutation: You have sharp fingernails. [potion of
                  | mutation]
  2299 | D:3      | Reached skill level 5 in Axes
  2333 | D:3      | Reached XP level 5. HP: 44/46 MP: 4/4
  2529 | D:3      | Noticed Robin
  2542 | D:3      | Killed Robin
  2844 | D:4      | Noticed an ogre
  2847 | D:4      | Killed an ogre
  2848 | D:4      | Reached XP level 6. HP: 53/53 MP: 5/5
  2896 | D:4      | Found a staircase to the Ecumenical Temple.
  2931 | D:4      | Found an ornate altar of the Wu Jian Council.
  3148 | D:4      | Reached skill level 6 in Axes
  3151 | D:4      | Reached *** piety under Trog
  3297 | D:4      | Found an iron altar of Okawaru.
  3333 | D:4      | Found an ancient bone altar of Kikubaaqudgha.
  3333 | D:4      | Found a blossoming altar of Fedhas.
  3432 | D:4      | Noticed Sigmund
  3442 | D:4      | Killed Sigmund
  3443 | D:4      | Reached skill level 5 in Fighting
  3443 | D:4      | Reached XP level 7. HP: 58/61 MP: 6/6
  3468 | D:4      | Found a burning altar of Makhleb.
  3468 | D:4      | Found a broken altar of Ashenzari.
  3530 | D:4      | Reached skill level 7 in Axes
  3779 | D:5      | Entered Level 5 of the Dungeon
  3798 | D:5      | Reached skill level 5 in Armour
  3996 | D:5      | Reached XP level 8. HP: 57/70 MP: 7/7
  4671 | D:5      | Reached skill level 8 in Axes
  4780 | D:5      | Reached skill level 5 in Dodging
  5613 | D:6      | Found a glowing silver altar of Zin.
  5715 | D:6      | Found a hazy altar of Hepliaklqana.
  5822 | D:6      | Found an opulent altar of Gozag.
  5846 | D:6      | Reached skill level 9 in Axes
  5864 | D:6      | Slain by a gnoll sergeant

Illustrated notes

Levels and vault maps discovered:
D:1:      tarquinn_simple_flora_water_d, layout_loops_ring
D:2:      layout_loops_ring, chequers_avenue, uniq_crazy_yiuf_cottage
D:3:      minmay_angry_zag, layout_basic, uniq_robin
D:4:      minmay_inner_zag, layout_rooms,
          grunt_temple_overflow_growth_and_decay,
          gammafunk_temple_overflow_statue, mainiacjoe_overflow_alcove_4,
          pdpol_wu_jian_five_deadly_venoms,
          minmay_temple_entry_statues_fountains, uniq_sigmund
D:5:      layout_layer_cave
D:6:      layout_basic, nicolae_gozag_seed_capital, old_standard_altar,
          mainiacjoe_overflow_surrounded_room, gup_sewer_entry_bowl

Skill      XL: |  1  2  3  4  5  6  7  8 |
---------------+-------------------------+-----
Axes           | 4 5 6 7 9 |  9.0
Throwing       | 1 2 3 4 |  4.5
Armour         | 3 4 5 6 |  6.2
Fighting       | 4 5 6 |  6.6
Dodging        | 3 4 5 |  5.5

Action                   |  1- 3 |  4- 6 |  7- 9 || total
-------------------------+-------+-------+-------++-------
Melee: Hand axe          |    61 |    50 |       ||   111
       Headbutt          |     9 |    12 |    15 ||    36
       Punch             |       |     1 |     2 ||     3
       War axe           |       |    56 |   126 ||   182
Throw: Boomerang         |       |    22 |       ||    22
       Dart              |       |     4 |    23 ||    27
Invok: Berserk           |       |     3 |     3 ||     6
       Trog's Hand       |       |     1 |     1 ||     2
  Use: Potion            |       |     9 |     1 ||    10
       Scroll            |       |     1 |     1 ||     2
Armor: Animal skin       |     1 |       |       ||     1
       Ring mail         |    11 |    44 |       ||    55
       Skin              |       |     3 |       ||     3
       Chain mail        |       |     5 |   107 ||   112
Dodge: Dodged            |    31 |    71 |    99 ||   201

Table legend: (Time is in decaauts)
 A = Elapsed time spent in this place.
 B = Non-inter-level travel time spent in this place.
 C = Inter-level travel time spent in this place.
 D = Time resting spent in this place.
 E = Time spent auto-exploring this place.
 F = Levels seen in this place.
 G = Mean time per level.
                   A        B        C        D        E       F      G
               +--------+--------+--------+--------+--------+-----+--------+
         Total |   5938 |   5755 |    183 |     96 |   4622 |   6 |  989.7 |
       Dungeon |   5938 |   5755 |    183 |     96 |   4622 |   6 |  989.7 |
               +--------+--------+--------+--------+--------+-----+--------+

Top non-repeatable levels by time:
     D:5: 1560 daAuts
     D:2: 1422 daAuts
     D:4: 1134 daAuts
     D:1: 737 daAuts
     D:3: 718 daAuts
     D:6: 364 daAuts
